 Dungeon Crawl Stone Soup version 0.30.0-29-ga12c61a403 (webtiles) character file.

Game seed: 10778132253191822837

879 DemonSlayer the Magician (level 7, 0/48 HPs)
             Began as a Demonspawn Earth Elementalist on June 18, 2023.
             Was an Initiate of Dithmenos.
             Slain by a white imp (5 damage)
             ... on level 6 of the Dungeon.
             The game lasted 00:10:22 (4438 turns).

DemonSlayer the Magician (DsEE)                     Turns: 4438, Time: 00:10:23

Health: 0/48       AC:  4    Str: 14    XL:     7   Next: 75%
Magic:  10/15      EV: 12    Int: 16    God:    Dithmenos [......]
Gold:   310        SH:  4    Dex: 16    Spells: 7/17 levels left

rFire   . . .        i - +4 whip (flame)
rCold   . . .        (no shield)
rNeg    . . .        a - +0 robe
rPois   .            (helmet restricted)
rElec   .            (no cloak)
rCorr   .            q - +0 pair of gloves
SInv    .            h - +0 pair of boots
Will    .....        o - amulet of the acrobat
Stlth   ++           c - ring of flight
HPRegen 0.28/turn    t - +6 ring of strength
MPRegen 0.28/turn

%: acrobat
@: flying
A: horns 2, large bone plates 1, powered by pain 1, magic regeneration
a: Renounce Religion


You were on level 6 of the Dungeon.
You worshipped Dithmenos.
Dithmenos was noncommittal.
You visited 2 branches of the dungeon, and saw 7 of its levels.

You collected 310 gold pieces.

Inventory:

Hand Weapons
 e - a +0 dagger of chaos
 i - a +4 whip of flaming (weapon)
Missiles
 k - 3 atropa-tipped darts
Armour
 a - a +0 robe (worn)
 h - a +0 pair of boots (worn)
 n - the +3 chain mail of the Saviour {Slay+2}
   (You found it on level 2 of the Dungeon)

   Slay:      It affects your accuracy & damage with ranged weapons and melee
   (+2).
 q - a +0 pair of gloves (worn)
Jewellery
 c - a ring of flight (left hand)
 o - an amulet of the acrobat (around neck)
 t - a +6 ring of strength (right hand)
Wands
 v - a wand of charming (10)
Scrolls
 d - 3 scrolls of magic mapping
 f - 3 scrolls of teleportation
 g - a scroll of vulnerability
 j - a scroll of amnesia {unknown}
Potions
 b - a potion of magic
 l - a potion of brilliance {unknown}
 p - a potion of mutation {unknown}
 r - 2 potions of attraction
 s - a potion of might {unknown}
 x - a potion of berserk rage {unknown}
 z - a potion of ambrosia {unknown}


   Skills:
 + Level 1.0 Fighting
 + Level 1.1 Maces & Flails
 + Level 2.2 Dodging
 + Level 2.6 Stealth
 + Level 1.2 Shields
 + Level 5.7 Spellcasting
 + Level 0.8 Transmutations
 + Level 5.5 Earth Magic


You had 7 spell levels left.
You knew the following spells:

 Your Spells              Type           Power      Damage    Failure   Level
a - Sandblast             Erth           44%        2d11      1%          1
b - Stone Arrow           Conj/Erth      26%        3d8       14%         3
c - Passwall              Tmut/Erth      11%        N/A       6%          2
d - Petrify               Tmut/Erth      14%        N/A       36%         4

Your spell library contained the following spells:

 Spells                   Type           Power      Damage    Failure   Level
 Blink                    Tloc           8%         N/A       22%         2
 Lesser Beckoning         Tloc           8%         N/A       22%         2
 Momentum Strike          Conj/Tloc      8%         3d8       22%         2


Dungeon Overview and Level Annotations

Branches:
Dungeon (6/15)             Temple (1/1) D:4

Altars:
Cheibriados
Dithmenos
Fedhas
Gozag
Hepliaklqana
Okawaru
Qazlal
Sif Muna
Trog
Uskayaw
Vehumet
Wu Jian
Xom
Yredelemnul


Innate Abilities, Weirdness & Mutations

You have a pair of horns on your head.
You are partially covered in large bone plates. (SH +4)
You sometimes gain a little power by taking damage.
You regenerate magic rapidly.


Message History

The blast of sand hits the black bear!
The black bear is severely wounded.
The black bear goes berserk!
The blast of sand hits the black bear.
The black bear is almost dead.
The black bear barely misses you. You block the black bear's attack.
The black bear claws you. The white imp gestures at you.
The puff of frost hits you! The black bear barely misses you. x2
The black bear claws you but does no damage.
Casting: Sandblast (safe; 1% risk of failure)
Confirm with . or Enter, or press ? or * to list all spells.
Aiming: Sandblast (safe; 1% risk of failure)
Press: ? - help, Shift-Dir - straight line, f/p - black bear
Aim: a black bear (almost dead, berserk, 87% to hit)
The blast of sand hits the black bear!!
You kill the black bear!
Dithmenos accepts your kill. The white imp gestures at you.
The puff of frost hits you.
* * * LOW HITPOINT WARNING * * *
Your Fighting skill increases to level 1!
Unknown command.
There is a stone staircase leading up, spattered with blood here.
You hit the white imp. You burn the white imp.
The white imp is heavily wounded.
The white imp hits you.
* * * LOW HITPOINT WARNING * * *
The white imp freezes you.
* * * LOW HITPOINT WARNING * * *
You hit the white imp. You burn the white imp.
Your headbutt misses the white imp.
The white imp is almost dead.
The white imp misses you.
You hit the white imp but do no damage.
The white imp is almost dead.
The white imp hits you.
* * * LOW HITPOINT WARNING * * *
The white imp freezes you.
You die...

#
#########..
#..........
#.........!
#..†.......
##@........
#5........
..........
..#........
.####.......
.. ......#
.. #.....#
.. #...#


You could see a white imp.

Vanquished Creatures
  A black bear (D:6)
  An ogre (D:4)
  A phantom (D:5)
  Blork the orc (D:5)
  A howler monkey (D:6)
  4 hounds
  4 orc priests
  An iguana (D:5)
  2 orc wizards (D:4)
  2 gnolls (D:5)
  5 adders
  A white imp (D:4)
  5 dart slugs
  16 orcs
  9 ball pythons
  4 bats
  7 endoplasms
  8 giant cockroaches
  7 goblins
  7 hobgoblins
  8 jackals
  7 kobolds
  6 quokkas
  2 frilled lizards
  3 rats
113 creatures vanquished.

Notes
Turn   | Place    | Note
-------+----------+-------------------------------------------
     0 | D:1      | DemonSlayer the Demonspawn Earth Elementalist began the
                  | quest for the Orb.
     0 | D:1      | Reached XP level 1. HP: 13/13 MP: 3/3
   290 | D:1      | Gained mutation: You are partially covered in large bone
                  | plates. (SH +4) [demonic ancestry]
   290 | D:1      | Reached XP level 2. HP: 18/19 MP: 0/5
   748 | D:1      | Gained mutation: You have a pair of small horns on your
                  | head. [demonic ancestry]
   748 | D:1      | Reached XP level 3. HP: 21/24 MP: 2/6
  1032 | D:1      | Learned a level 3 spell: Stone Arrow
  1035 | D:1      | Learned a level 2 spell: Passwall
  1054 | D:2      | Identified the +3 chain mail of the Saviour {Slay+2}
  1475 | D:2      | Reached XP level 4. HP: 25/30 MP: 0/8
  1823 | D:2      | Found a faded altar of an unknown god.
  2460 | D:3      | Gained mutation: You regenerate magic rapidly. [demonic
                  | ancestry]
  2460 | D:3      | Reached XP level 5. HP: 26/36 MP: 6/9
  2750 | D:4      | Found a staircase to the Ecumenical Temple.
  2760 | Temple   | Entered the Ecumenical Temple
  3097 | D:4      | Found a blossoming altar of Fedhas.
  3223 | D:4      | Gained mutation: You have a pair of horns on your head.
                  | [demonic ancestry]
  3223 | D:4      | Reached XP level 6. HP: 37/42 MP: 8/11
  3230 | D:4      | Reached skill level 1 in Maces & Flails
  3377 | D:4      | Reached skill level 1 in Shields
  3504 | D:4      | Learned a level 4 spell: Petrify
  3857 | D:5      | Entered Level 5 of the Dungeon
  4007 | D:5      | Reached skill level 5 in Earth Magic
  4007 | D:5      | Gained mutation: You sometimes gain a little power by
                  | taking damage. [demonic ancestry]
  4007 | D:5      | Reached XP level 7. HP: 46/47 MP: 10/13
  4104 | D:5      | Found a shadowy altar of Dithmenos.
  4140 | D:5      | Became a worshipper of Dithmenos the Shadowed
  4183 | D:5      | Noticed Blork the orc
  4190 | D:5      | Killed Blork the orc
  4208 | D:5      | Reached skill level 5 in Spellcasting
  4215 | D:5      | HP: 1/47 [gnoll/+0 flail (3)]
  4435 | D:6      | Reached skill level 1 in Fighting
  4438 | D:6      | Slain by a white imp

Illustrated notes

Levels and vault maps discovered:
D:1:      amcnicky_arrival_underground_garden, layout_loops_ring,
          nrook_loot_triangle, bh_walls_and_bars
D:2:      cheibrodos_pilgrimage, layout_basic, basic_ecumenical_altar,
          minmay_tall_x
D:3:      layout_rooms
D:4:      layout_loops_ring, mainiacjoe_overflow_alcove_2,
          minmay_temple_entry_sparse_star
D:5:      layout_rooms, kennysheep_mini, uniq_blork_the_orc
D:6:      layout_cave_pods, gup_ossuary_entry_pyramid, minivault_27
Temple:   nicolae_temple_no_exploring_needed

Skill      XL: |  1  2  3  4  5  6  7 |
---------------+----------------------+-----
Earth Magic    | 3 4 5 |  5.5
Stealth        | 2 |  2.6
Spellcasting   | 3 4 5 |  5.7
Maces & Flails | 1 |  1.1
Dodging        | 2 |  2.2
Shields        | 1 |  1.2
Fighting       | 1 |  1.0
Transmutations | |  0.8

Action                     |  1- 3 |  4- 6 |  7- 9 || total
---------------------------+-------+-------+-------++-------
  Melee: Dagger            |     2 |       |       ||     2
         Whip              |    39 |    19 |     6 ||    64
         Headbutt          |     1 |     4 |       ||     5
   Cast: Sandblast         |    51 |    99 |    35 ||   185
    Use: Scroll            |     3 |     8 |     2 ||    13
         Potion            |       |       |     2 ||     2
   Stab: Sleeping          |     4 |     2 |       ||     6
 Armour: Robe              |    13 |    12 |     4 ||    29
  Dodge: Dodged            |    57 |    32 |    42 ||   131
  Block: Other             |    10 |    16 |    10 ||    36
